Map: Tokamak LE

Players

Reynor

  • Race: Zerg Zerg
  • League: Master
  • Spawn Location: 7:00

LiquidClem (Clem) - Winner!

  • Race: Terran Terran
  • Spawn Location: 1:00

Event: FEL Cracov 2025

VOD

Have the link to the VOD?

Description

Time

  • Played on: July 27, 2025, 5:16 p.m.
  • Length: 16:32

All games in this series

Show
View Real Time Build Order
Export as new Build Order

Reynor Zerg 

Build Orders: Hatch First 

Get SALT Encoding   

  12  0:00  Drone  
  13  0:08  Drone  
  13  0:14  Extractor  
  13  0:15  Drone  
  15  0:21  Overlord  
  15  0:39  Drone  
  16  0:44  Hatchery  
  16  0:48  Drone  
  16  0:52  Drone  
  16  0:55  Drone  
  18  1:07  Extractor  
  17  1:11  Spawning Pool  
  17  1:13  Drone  
  17  1:17  Drone  
  18  1:26  Drone  
  19  1:37  Drone  
  20  1:47  Drone  
  21  1:58  Queen x2  
  21  1:59  Zergling x4  
  27  2:11  Hatchery  
  26  2:16  Overlord  
  26  2:20  Drone  
  27  2:23  Drone  
  28  2:30  Spore Crawler  
  28  2:32  Drone  
  28  2:38  Overlord  
  28  2:39  Drone  
  28  2:42  Drone  
  28  2:43  Drone  
  31  2:48  Queen  
  34  2:52  Overlord  
  34  2:55  Drone  
  35  3:01  Drone  
  35  3:03  Drone  
  37  3:06  Drone x2  
  37  3:11  Queen  
  37  3:12  Drone  
  42  3:15  Drone  
  42  3:18  Drone  
  44  3:22  Drone  
  44  3:26  Drone  
  46  3:27  Roach Warren  
  46  3:31  Queen  
  47  3:34  Drone  
  47  3:36  Drone  
  47  3:40  Overlord  
  47  3:41  Drone  
  50  3:44  Drone  
  50  3:45  Drone  
  52  3:50  Queen  
  52  3:52  Drone  
  55  3:56  Drone  
  55  3:57  Overlord  
  55  3:58  Drone  
  55  3:59  Drone  
  58  4:06  Queen  
  58  4:08  Overlord, Drone  
  61  4:11  Drone x2  
  63  4:18  Drone x2  
  63  4:21  Overlord  
  63  4:22  Drone  
  66  4:25  Roach x2  
  66  4:27  Lair  
  66  4:29  Roach  
  72  4:32  Roach x2  
  76  4:40  Overlord  
  76  4:41  Drone x2  
  76  4:42  Drone x2  
  76  4:43  Drone  
  81  4:46  Extractor  
  81  4:49  Spore Crawler  
  81  4:51  Drone  
  80  4:53  Drone x2, Queen  
  80  4:58  Spore Crawler  
  83  5:00  Overlord  
  83  5:01  Drone x2  
  83  5:05  Drone x2  
  83  5:06  Hatchery  
  86  5:07  Drone  
  86  5:09  Spore Crawler  
  86  5:11  Spore Crawler  
  86  5:13  Drone  
  86  5:20  Evolution Chamber, Spore Crawler  
  86  5:21  Overlord  
  84  5:23  Drone x5  
  78  5:30  Drone  
  78  5:34  Drone x2  
  76  5:36  Drone x2  
  76  5:38  Drone  
  76  5:41  Drone  
  76  5:45  Overlord  
  76  5:46  Drone  
  77  5:52  Overlord  
  77  5:55  Drone  
  74  5:57  Drone  
  74  6:01  Drone  
  72  6:05  Drone  
  72  6:07  Drone  
  73  6:13  Drone  
  73  6:15  Hatchery  
  73  6:16  Drone  
  73  6:17  Spore Crawler, Drone  
  73  6:23  Drone  
  75  6:26  Extractor, Drone x3  
  75  6:28  Drone  
  75  6:29  Drone  
  75  6:32  Overlord  
  79  6:34  Drone x5  
  79  6:37  Glial Reconstitution  
  79  6:39  Drone x2  
  86  6:40  Infestation Pit  
  86  6:43  Extractor  
  86  6:46  Roach x2  
  88  6:51  Drone  
  88  6:53  Overlord  
  88  6:54  Drone x2  
  90  6:55  Drone  
  90  6:57  Zerg Missile Weapons Level 1, Extractor  
  90  6:59  Overlord  
  91  7:02  Drone x2  
  91  7:03  Drone x4  
  91  7:05  Roach  
  91  7:06  Drone  
  91  7:07  Extractor  
  99  7:12  Roach  
  99  7:15  Roach  
  103  7:20  Infestor  
  103  7:22  Drone  
  106  7:23  Overlord  
  106  7:24  Drone x2  
  106  7:28  Drone  
  109  7:32  Infestor  
  109  7:35  Drone x7, Queen  
  120  7:38  Roach  
  120  7:39  Roach x2  
  120  7:42  Metabolic Boost  
  126  7:45  Overlord  
  126  7:46  Queen  
  126  7:48  Roach  
  126  7:49  Roach  
  126  7:50  Roach  
  134  7:51  Overlord  
  134  7:52  Overseer  
  134  7:57  Roach x3  
  126  8:08  Roach x8  
  126  8:11  Overlord  
  137  8:14  Drone x2  
  137  8:15  Drone  
  137  8:16  Drone x2  
  136  8:20  Drone  
  136  8:21  Drone x3  
  136  8:23  Drone  
  140  8:31  Infestor x2  
  140  8:32  Overlord  
  136  8:48  Infestor x2  
  134  8:50  Zergling x22  
  134  8:51  Zergling x2  
  134  8:54  Overlord  
  144  9:04  Overlord  
  144  9:08  Roach x8  
  148  9:10  Overlord  
  135  9:20  Drone x5  
  135  9:22  Drone x3, Neural Parasite  
  135  9:23  Infestor  
  136  9:31  Drone  
  136  9:32  Drone x4  
  136  9:33  Drone x2  
  136  9:36  Drone x2  
  136  9:37  Drone  
  142  9:39  Drone x2  
  142  9:44  Infestor  
  142  9:45  Infestor  
  146  9:48  Spore Crawler, Drone  
  146  9:49  Extractor, Drone  
  148  9:53  Roach x2, Zergling x6  
  148  9:54  Zergling x2  
  148  9:57  Evolution Chamber  
  148  9:58  Zerg Melee Weapons Level 1  
  155  10:03  Zergling x12  
  155  10:05  Zergling x4  
  157  10:12  Infestor  
  157  10:13  Zergling x6  
  158  10:17  Drone  
  159  10:25  Overlord  
  154  10:33  Drone x4  
  150  10:42  Infestor x3  
  156  10:43  Overlord  
  156  10:45  Roach, Zergling x4  
  156  10:46  Zergling x6, Ravager x2  
  156  10:47  Ravager  
  156  10:48  Queen  
  170  10:52  Extractor, Zergling x12  
  170  10:54  Zerg Missile Weapons Level 2  
  170  10:56  Overlord  
  175  11:00  Overlord  
  173  11:04  Baneling Nest  
  172  11:11  Overlord  
  172  11:12  Overlord  
  165  11:20  Hive, Zergling x30  
  165  11:21  Queen  
  182  11:26  Ravager  
  182  11:28  Overlord  
  182  11:29  Overlord, Queen  
  182  11:31  Drone x3  
  182  11:32  Drone  
  187  11:34  Ravager x3  
  189  11:43  Roach x4  
  197  11:47  Centrifugal Hooks  
  197  11:48  Drone  
  197  12:02  Roach  
  197  12:04  Hatchery  
  197  12:11  Infestor x2  
  197  12:13  Ravager x2  
  197  12:14  Ravager, Zergling x2  
  197  12:15  Zergling x12  
  199  12:21  Roach x5, Zergling x4  
  194  12:28  Drone x3  
  186  12:31  Drone  
  186  12:33  Drone x2  
  186  12:36  Infestor x3  
  190  12:39  Drone  
  183  12:44  Infestor x2  
  171  12:55  Infestor x2  
  162  12:59  Zergling x10, Overseer, Queen  
  167  13:08  Zergling x10  
  167  13:11  Zergling x6  
  166  13:14  Queen  
  166  13:16  Drone x2  
  170  13:21  Infestor  
  170  13:24  Zerg Melee Weapons Level 2  
  170  13:25  Zerg Missile Weapons Level 3  
  171  13:29  Hatchery x2  
  160  13:40  Roach x6, Zergling x12  
  167  13:42  Zergling x2  
  167  13:46  Ravager x4  
  167  13:48  Zergling x10  
  173  13:51  Drone  
  174  13:56  Viper  
  174  14:00  Ravager x2  
  180  14:04  Drone x2  
  180  14:09  Drone x3  
  176  14:16  Roach x4  
  166  14:18  Drone  
  154  14:26  Zergling x14  
  154  14:30  Roach x2, Zergling x6  
  129  14:42  Roach x4  
  129  14:44  Ravager  
  129  14:45  Ravager x2, Queen  
  131  14:50  Roach x4  
  142  14:53  Burrow  
  142  14:54  Roach x2  
  149  15:00  Roach x2  
  149  15:03  Roach x3  
  144  15:10  Ravager x2  
  144  15:11  Infestor x2  
  144  15:13  Infestor x2  
  154  15:18  Spine Crawler  
  154  15:19  Zergling x2  
  154  15:21  Zergling x8  
  158  15:25  Drone x3  
  158  15:26  Roach  
  148  15:31  Drone  
  148  15:33  Roach x2  
  151  15:38  Ravager  
  151  15:42  Roach x6  
  147  15:50  Roach x6  
  147  15:52  Ravager  
  156  15:57  Zergling x2  
  156  15:58  Zergling x6, Ravager x2  
  156  15:59  Ravager  
  151  16:07  Roach x6  
  151  16:10  Roach  
Show
View Real Time Build Order
Export as new Build Order

LiquidClem Terran - Winner!

Build Orders: Reaper Expand, Hellion Banshee 

Get SALT Encoding   

  12  0:00  SCV  
  13  0:12  SCV  
  14  0:16  Supply Depot  
  14  0:24  SCV  
  15  0:38  SCV  
  15  0:40  Barracks  
  15  0:42  Refinery  
  16  0:50  SCV  
  17  1:02  SCV  
  18  1:14  SCV  
  19  1:27  Orbital Command, Reaper  
  20  1:38  Command Center  
  20  1:46  Supply Depot  
  20  1:52  SCV  
  21  1:59  Marine  
  22  2:04  SCV  
  23  2:11  Factory  
  23  2:17  SCV  
  23  2:19  Barracks Reactor  
  24  2:29  SCV  
  25  2:41  SCV, Command Center  
  26  2:50  Orbital Command  
  26  2:53  SCV  
  27  3:00  Starport  
  27  3:05  SCV  
  28  3:06  Refinery  
  28  3:09  Hellion  
  30  3:13  Hellion  
  30  3:15  Barracks Tech Lab  
  30  3:17  SCV  
  33  3:20  SCV  
  34  3:29  SCV  
  34  3:31  Hellion  
  34  3:33  SCV  
  38  3:34  Hellion  
  38  3:40  Marine  
  41  3:41  SCV  
  41  3:43  Banshee  
  45  3:49  SCV  
  45  3:53  Orbital Command, SCV  
  45  3:55  Hellion  
  49  3:56  Cloaking Field  
  49  4:01  Hellion  
  51  4:03  SCV  
  51  4:06  SCV  
  53  4:10  Barracks Tech Lab  
  53  4:12  Supply Depot  
  53  4:14  Refinery  
  53  4:15  SCV  
  54  4:18  SCV, Refinery  
  54  4:20  SCV  
  56  4:26  Banshee  
  56  4:27  SCV  
  56  4:30  SCV  
  61  4:34  Hellion  
  61  4:35  Supply Depot  
  61  4:36  Orbital Command, Hellion  
  65  4:42  SCV  
  65  4:44  SCV  
  67  4:48  Barracks Tech Lab  
  67  4:51  Factory  
  67  4:53  Factory  
  67  4:56  SCV  
  67  4:57  Hellion  
  67  4:59  SCV  
  71  5:00  Supply Depot  
  71  5:03  Hellion  
  71  5:04  SCV  
  71  5:06  Supply Depot  
  74  5:08  SCV  
  74  5:14  SCV  
  76  5:18  Supply Depot  
  76  5:19  SCV, Supply Depot  
  76  5:20  SCV  
  77  5:22  Banshee  
  77  5:26  SCV  
  77  5:28  Hellion x2  
  83  5:31  SCV  
  83  5:35  SCV  
  85  5:39  Cyclone  
  85  5:40  Mag-Field Accelerator  
  86  5:48  Factory x2, Cyclone  
  89  5:50  SCV  
  89  5:52  SCV  
  89  5:56  Hellion  
  91  5:57  Hellion  
  91  5:58  SCV  
  91  6:02  Supply Depot, SCV  
  93  6:04  SCV  
  93  6:10  SCV  
  87  6:12  Supply Depot  
  87  6:14  Cyclone, SCV  
  87  6:16  SCV  
  92  6:22  Cyclone, SCV  
  92  6:25  Supply Depot  
  93  6:31  Hellion x2  
  93  6:32  Factory Tech Lab  
  97  6:33  Factory Tech Lab  
  97  6:34  SCV  
  97  6:35  SCV x2  
  100  6:40  Refinery  
  100  6:41  Refinery  
  100  6:42  Banshee  
  100  6:44  Supply Depot  
  100  6:46  SCV, Cyclone  
  107  6:49  SCV x2  
  107  6:51  Cyclone  
  107  6:52  Cyclone  
  115  6:57  Cyclone  
  115  7:00  Hyperflight Rotors, SCV  
  115  7:01  Supply Depot, Hellion x2  
  123  7:03  SCV x2  
  123  7:08  Supply Depot  
  125  7:13  Command Center  
  125  7:18  Cyclone  
  125  7:19  Supply Depot  
  132  7:23  Hellion x2  
  132  7:25  Supply Depot, Banshee  
  135  7:32  Cyclone  
  135  7:33  Supply Depot  
  135  7:37  Cyclone  
  141  7:41  Supply Depot, Engineering Bay, Cyclone  
  144  7:44  Armory, SCV  
  144  7:49  Hellion x2  
  149  7:51  Cyclone  
  149  7:52  SCV  
  153  8:05  Cyclone  
  156  8:09  Cyclone  
  156  8:10  Hellion  
  157  8:13  Cyclone, Hellion  
  157  8:17  Banshee, SCV  
  157  8:18  SCV  
  157  8:19  SCV  
  162  8:24  Supply Depot  
  162  8:25  Cyclone  
  161  8:29  SCV  
  161  8:30  SCV  
  161  8:31  SCV, Hellion  
  161  8:34  Refinery x2  
  166  8:35  Hellion  
  166  8:37  Cyclone  
  166  8:41  Cyclone, SCV  
  166  8:42  SCV  
  166  8:43  SCV  
  166  8:45  Cyclone  
  163  8:53  Terran Vehicle And Ship Armor Level 1, Hellion  
  163  8:55  Planetary Fortress  
  165  8:56  Hellion  
  165  8:57  SCV  
  165  9:01  SCV  
  163  9:07  Cyclone  
  159  9:10  Banshee  
  159  9:11  Cyclone  
  159  9:14  Hellion  
  159  9:15  Cyclone  
  165  9:17  Hellion  
  165  9:18  SCV  
  165  9:20  SCV  
  165  9:22  Cyclone  
  169  9:29  Factory  
  162  9:36  Hellion  
  148  9:39  Cyclone, Hellion  
  148  9:40  Command Center  
  148  9:42  SCV  
  154  9:47  Factory x2  
  154  9:49  Cyclone  
  157  9:57  Cyclone, Command Center, Hellion  
  157  9:59  Cyclone  
  165  10:00  Hellion  
  162  10:11  Cyclone  
  162  10:18  Factory Reactor  
  162  10:19  Hellion, SCV  
  165  10:21  Cyclone, SCV  
  165  10:22  SCV  
  165  10:26  Hellion  
  170  10:29  Cyclone  
  170  10:34  Cyclone  
  170  10:35  Factory Reactor, Factory Tech Lab  
  165  10:40  Hellion  
  164  10:43  Cyclone  
  164  10:48  Hellion  
  169  10:53  Cyclone  
  169  10:56  Infernal Pre-Igniter  
  176  10:57  Hellion x2, Cyclone  
  176  10:58  Missile Turret  
  176  10:59  Refinery, Sensor Tower  
  176  11:00  Refinery  
  176  11:01  Cyclone  
  176  11:02  Hellion  
  184  11:06  Cyclone  
  184  11:07  Command Center  
  184  11:09  Hellion  
  183  11:13  Hellion x2  
  183  11:15  Cyclone  
  183  11:17  Terran Vehicle And Ship Armor Level 2  
  188  11:18  Hellion x2  
  188  11:19  Orbital Command  
  191  11:25  Cyclone, Planetary Fortress  
  191  11:26  Starport  
  191  11:30  Hellion  
  193  11:35  Cyclone x2  
  199  11:41  Armory  
  199  11:45  Fusion Core  
  199  11:52  Hellion  
  195  11:55  Hellion  
  195  11:59  Siege Tank  
  200  12:05  Starport Reactor  
  197  12:11  Hellion  
  197  12:14  Smart Servos  
  197  12:20  Cyclone  
  197  12:21  Hellion x4  
  188  12:27  Cyclone x3  
  183  12:32  Cyclone  
  183  12:35  Hellion x2  
  185  12:42  Liberator x2, Hellion  
  185  12:43  Starport Reactor, Hellion  
  185  12:44  Hellion x2  
  173  12:52  Cyclone  
  173  12:57  Hellion x2  
  161  12:59  Cyclone x3  
  161  13:03  Hellion  
  161  13:04  Cyclone  
  161  13:05  Hellion  
  177  13:07  Terran Vehicle Weapons Level 1  
  177  13:08  Hellion x2  
  181  13:19  Liberator  
  181  13:20  Liberator  
  181  13:21  Hellion x2  
  181  13:24  Cyclone  
  194  13:28  Liberator x2  
  194  13:32  Sensor Tower, Missile Turret  
  194  13:33  Widow Mine  
  200  13:34  Refinery  
  200  13:37  Hellion x2  
  200  13:40  Siege Tank  
  184  13:42  Advanced Ballistics  
  184  13:46  Hellion  
  184  13:53  Planetary Fortress  
  184  14:08  Command Center, Liberator  
  184  14:09  Hellion x2, Siege Tank  
  190  14:12  Siege Tank  
  190  14:15  Siege Tank x2  
  190  14:16  Hellion  
  182  14:22  Liberator  
  171  14:27  Hellion x2  
  171  14:29  Hellion, Liberator  
  171  14:31  Hellion  
  162  14:32  Hellion  
  162  14:33  Hellion  
  145  14:41  Hellion  
  145  14:42  Cyclone  
  145  14:45  Cyclone  
  147  14:47  Hellion, Cyclone  
  147  14:49  Hellion  
  147  14:50  Hellion  
  147  14:51  Liberator x2  
  162  14:53  Hellion  
  162  14:54  Cyclone  
  164  15:07  Hellion x3  
  164  15:08  Cyclone  
  164  15:14  Cyclone, Hellion  
  169  15:15  Hellion  
  169  15:16  Liberator x2  
  169  15:17  Cyclone, Hellion  
  184  15:26  Hellion  
  184  15:27  Cyclone  
  184  15:33  Liberator  
  184  15:34  Hellion x2  
  181  15:40  Cyclone  
  181  15:42  Hellion x2  
  190  15:43  Hellion  
  190  15:45  Hellion  
  190  15:46  Siege Tank  
  190  15:47  Siege Tank  
  190  15:49  Siege Tank  
  186  15:54  Viking  
  190  15:57  Hellion x2  
  190  15:59  Viking, Cyclone  
  190  16:05  Hellion  
Tags
 
Add a new tag
Caveats
  • Supply blocks, unpowered buildings, or Contaminate may cause inaccurate times.
  • Supply counts are checked every 10 seconds.